AoeStats
← Gumar

Oasis

508727944Analyzed
3v3 RM · 8d ago on Sep 23, 2026· 64m 0s· 6 players
Game mode
Random Map
Map size
Normal (6 player)
Population
200
Speed
Normal
Resources
Standard
Victory
Conquest
Starting age
Dark Age
Ending age
Imperial Age
RankedLock teamsTeams togetherTeam positionsShared explorationLock speedFull tech treeHidden civsTurbo modeCheats
Victory
Defeat
🇪🇸 Burgundians · Spain
650
+12
🇵🇱 Franks · Poland
635
+13
🇧🇷 Romans · Brazil
578
+15
🇦🇷 Huns · Argentina
574
-14
🇦🇷 Persians · Argentina
559
-13
🇦🇷 Japanese · Argentina
548
-13
Khavy7047
11:54 Feudal Age
21:32 Castle Age
28:56 Double-Bit Axe
34:30 Imperial Age
35:22 Elite Samurai
37:48 Heavy Scorpion
47:14 Forging
47:04 Scale Mail Armor
Mannu5899
12:29 Feudal Age
21:49 Double-Bit Axe
21:48 Horse Collar
22:03 Gold Mining
22:03 Stone Mining
25:23 Wheelbarrow
28:11 Wheelbarrow
30:59 Castle Age
31:53 Scale Barding Armor
31:51 Caravan
32:20 Hand Cart
32:14 Heavy Plow
32:34 Bow Saw
33:02 Gold Shaft Mining
33:10 Stone Shaft Mining
32:52 Heavy Plow
34:33 Chain Barding Armor
34:25 Forging
39:42 Imperial Age
39:55 Iron Casting
40:38 Kamandaran
42:52 Husbandry
43:02 Bloodlines
42:13 Cavalier
Danilo98332
10:26 Feudal Age
11:33 Horse Collar
11:42 Double-Bit Axe
16:15 Castle Age
20:28 Heavy Plow
21:17 Wheelbarrow
25:19 Hand Cart
30:03 Imperial Age
29:03 Scale Barding Armor
29:09 Forging
30:49 Town Watch
31:13 Marauders
31:18 Elite Tarkan
32:38 Caravan
33:08 Coinage
33:07 Town Patrol
38:32 Chain Barding Armor
46:07 Thumb Ring
45:22 Crossbowman
47:32 Chemistry
46:53 Ballistics
46:38 Padded Archer Armor
46:29 Fletching
47:16 Iron Casting
47:17 Plate Barding Armor
48:17 Cavalier
49:01 Husbandry
49:28 Paladin
53:27 Bodkin Arrow
54:00 Leather Archer Armor
filx3000p
0:41 Loom
8:52 Wheelbarrow
12:34 Feudal Age
11:06 Double-Bit Axe
12:33 Gold Mining
20:11 Castle Age
18:03 Horse Collar
20:01 Bow Saw
19:56 Stone Mining
23:13 Hand Cart
30:08 Scale Mail Armor
30:20 Forging
30:01 Fletching
30:11 Padded Archer Armor
29:49 Cavalier
34:28 Imperial Age
31:41 Crossbowman
33:04 Fortified Wall
33:48 Squires
33:57 Pikeman
35:38 Caravan
36:49 Chemistry
37:31 Chain Mail Armor
37:22 Scale Barding Armor
38:26 Heavy Plow
38:48 Paladin
40:59 Two-Man Saw
40:29 Arson
40:49 Halberdier
48:36 Conscription
60:34 Elite Coustillier
Med
2:00 Loom
10:58 Feudal Age
11:29 Double-Bit Axe
15:36 Horse Collar
18:51 Gold Mining
18:54 Stone Mining
18:55 Town Watch
24:21 Castle Age
23:54 Padded Archer Armor
23:46 Fletching
25:28 Bow Saw
24:58 Pikeman
25:38 Squires
26:16 Crossbowman
27:44 Heavy Plow
28:09 Caravan
30:06 Wheelbarrow
32:13 Ballistics
32:04 Fortified Wall
36:01 Imperial Age
34:13 Forging
34:26 Masonry
34:34 Scale Barding Armor
34:45 Bodkin Arrow
34:54 Murder Holes
38:30 Hand Cart
38:16 Town Patrol
39:31 Chemistry
37:56 Light Cavalry
38:47 Bloodlines
38:37 Husbandry
39:37 Conscription
40:31 Architecture
42:56 Heavy Scorpion
43:11 Elite Centurion
46:30 Ballistas
51:24 Halberdier
Gumar
13:09 Feudal Age
13:46 Double-Bit Axe
26:16 Castle Age
28:03 Bow Saw
29:23 Fletching
31:33 Crossbowman
32:59 Pikeman
34:50 Gold Mining
37:25 Husbandry
40:59 Wheelbarrow
40:51 Ballistics
40:32 Bodkin Arrow
46:03 Imperial Age
43:49 Hand Cart
43:25 Town Watch
43:26 Loom
43:05 Light Cavalry
44:48 Squires
44:33 Arson
46:17 Ordonnance Companies
47:17 Conscription
46:59 Stone Mining
47:44 Gold Shaft Mining
47:42 Padded Archer Armor
47:53 Forging
48:52 Cavalier
49:15 Halberdier
50:50 Fervor
50:55 Block Printing
51:43 Chemistry
51:04 Ballistics
50:29 Arrowslits
50:40 Murder Holes
50:49 Caravan
52:59 Chivalry
54:17 Paladin
57:47 Fortified Wall
57:42 Siphons
57:43 Siege Engineers
57:21 Treadmill Crane
57:51 Masonry
59:52 Hoardings
58:38 Elite Throwing Axeman
64:47 Coinage
Connection lost

Rejoining the realm…

Still unreachable

The connection could not be restored.

Session expired

The server has moved on; the page needs a fresh start.